 Dungeon Crawl Stone Soup version 0.27.1-15-g792fb953b9 (webtiles) character file.

Game seed: 13367194086660684847

1941 jjjjhere the Grappler (level 8, 0/74 HPs)
             Began as a Troll Abyssal Knight on Nov 20, 2021.
             Was an Elder of Lugonu.
             Slain by a skeletal warrior (27 damage)
             ... on level 6 of the Dungeon.
             The game lasted 00:11:35 (5722 turns).

jjjjhere the Grappler (Troll Abyssal Knight)        Turns: 5722, Time: 00:11:36

Health: 0/74       AC:  6    Str: 27    XL:     8   Next: 98%
Magic:  12/12      EV: 10    Int:  8    God:    Lugonu [****..]
Gold:   433        SH:  0    Dex: 11    Spells: 7/7 levels left

rFire    . . .     SeeInvis .     - Unarmed
rCold    . . .     Faith    .   (no shield)
rNeg     + . .     Spirit   .   l - +0 robe
rPois    .         Reflect  .   (helmet restricted)
rElec    .         Harm     .   b - +1 cloak
rCorr    .         Rampage  .   (gloves unavailable)
Will     .....                  (boots unavailable)
Stlth    +.........             w - amulet of regeneration
HPRegen  2.22/turn              s - +6 ring of strength
MPRegen  0.13/turn              u - ring of positive energy

@: no status effects
A: large, unfitting armour, claws 3, regeneration 1, shaggy fur 1, tough skin 1
a: Renounce Religion, Depart the Abyss, Bend Space, Banish, Corrupt


You were on level 6 of the Dungeon.
You worshipped Lugonu.
Lugonu was greatly pleased with you.
You visited 1 branch of the dungeon, and saw 7 of its levels.
You visited the Abyss 1 time.
You also visited: Sewer.

You collected 433 gold pieces.

Inventory:

Hand Weapons
 a - a +2 hunting sling of freezing
Missiles
 e - a throwing net
 g - 54 poisoned darts (quivered)
 m - 151 stones
 y - 7 large rocks
Armour
 b - a +1 cloak (worn)
 l - a +0 robe (worn)
Jewellery
 d - a ring of fire
 s - a +6 ring of strength (left claw)
 u - a ring of positive energy (right claw)
 w - an amulet of regeneration (around neck)
Scrolls
 h - a scroll of silence
 j - 2 scrolls of teleportation
 k - 2 scrolls of enchant weapon
Potions
 c - 3 potions of lignification
 f - 2 potions of ambrosia {unknown}
 i - 3 potions of brilliance {unknown}
 n - a potion of berserk rage {unknown}
 o - 2 potions of cancellation {unknown}
 p - 2 potions of attraction {unknown}
 q - 3 potions of haste
 r - 4 potions of curing {unknown}
 t - a potion of flight {unknown}
 v - 2 potions of mutation {unknown}
 x - a potion of heal wounds {unknown}
 z - a potion of invisibility {unknown}


   Skills:
 - Level 2.4 Fighting
 - Level 1.9 Dodging
 + Level 8.9 Unarmed Combat
 + Level 7.4 Invocations


You had 7 spell levels left.
You didn't know any spells.
Your spell library contained the following spells:

 Spells                   Type           Power      Damage    Failure   Level
 Corona                   Hex            0%         N/A       41%         1
 Magic Dart               Conj           0%         1d3       41%         1
 Sandblast                Erth           0%         2d4       41%         1
 Call Imp                 Summ           0%         N/A       54%         2
 Ensorcelled Hibernation  Hex/Ice        0%         N/A       54%         2
 Passwall                 Tmut/Erth      0%         N/A       54%         2
 Mephitic Cloud           Conj/Pois/Air  0%         N/A       78%         3
 Tukima's Dance           Hex            0%         N/A       78%         3
 Fulminant Prism          Conj/Hex       0%         3d6       99%         4
 Iskenderun's Mystic Bla  Conj/Tloc      0%         2d3       99%         4
 Lee's Rapid Deconstruct  Erth           0%         3d5*      100%        5


Dungeon Overview and Level Annotations

Branches:
Dungeon (7/15)             Temple (0/1) D:6           Sewer (visited)

Altars:
Elyvilon
Ru
Trog
Wu Jian
Yredelemnul

Shops:
D:1 :(=


Innate Abilities, Weirdness & Mutations

You are too large for most types of armour.
You have claws for hands.
Your natural rate of healing is unusually fast.
You are covered in fur. (AC +1)
You have tough skin. (AC +1)


Message History

There is a stone staircase leading up here.
There is a stone staircase leading up here.
What are your orders? t - Shout!
Orders for allies: a - Attack new target. r - Retreat! s - Stop attacking. g - Guard the area. f - Follow me.
Anything else - Cancel.
You shout for attention!
The skeletal warrior barely misses you.
You scratch the skeletal warrior.
You claw the skeletal warrior, but do no damage.
The skeletal warrior is lightly damaged.
The skeletal warrior hits you with a +0 halberd!!
The skeletal warrior hits you from afar with a +0 halberd!!
You claw the skeletal warrior!
The skeletal warrior is moderately damaged.
The skeletal warrior hits you with a +0 halberd!
You claw the skeletal warrior!
The skeletal warrior is moderately damaged.
The skeletal warrior hits you with a +0 halberd!
You closely miss the skeletal warrior.
The skeletal warrior is moderately damaged.
The skeletal warrior barely misses you.
You closely miss the skeletal warrior.
The skeletal warrior is moderately damaged.
You closely miss the skeletal warrior.
The skeletal warrior is moderately damaged.
The skeletal warrior closely misses you.
You mangle the skeletal warrior!! You claw the skeletal warrior.
The skeletal warrior is severely damaged.
The skeletal warrior splashes around in the water.
You barely miss the skeletal warrior. Your claw misses the skeletal warrior.
The skeletal warrior is severely damaged.
The skeletal warrior splashes around in the water.
You claw the skeletal warrior!
The skeletal warrior is almost destroyed.
The skeletal warrior hits you with a +0 halberd!!
The skeletal warrior hits you from afar with a +0 halberd!!
You die...

#..........###...#............#
#..........# #...#.....##......
#.......<..###...#.....##......
#..............................
#........................#####.
#...............≈≈≈......# #.
###............≈)≈≈≈.....# #.
#.#####......≈≈.≈≈.....# #.
#.#...####..@≈≈≈≈≈.....# #.
#))...# ##...z≈≈......# #.
###...# #............# #. #####
#............# #.
##...........# ## #############


You could see a skeletal warrior.

Vanquished Creatures
  Sigmund (D:3)
  Purgy (Sewer)
  A sky beast (D:6)
  A necrophage (D:5)
  7 ogres
  2 phantoms
  Blork the orc (D:6)
  A howler monkey (D:4)
  A centaur zombie (D:5)
  3 hounds
  A centaur skeleton (D:5)
  An orc priest (D:5)
  4 iguanas (D:5)
  A gnoll shaman (D:5)
  3 orc wizards
  A hound skeleton (D:4)
  3 gnolls (D:5)
  9 adders
  A howler monkey skeleton (D:6)
  2 white imps
  3 worms
  A dart slug (D:2)
  17 orcs
  10 ball pythons
  9 bats
  6 endoplasms
  8 giant cockroaches
  11 goblins
  4 hobgoblins
  15 jackals
  7 quokkas
  3 frilled lizards
  11 kobolds
  6 rats
156 creatures vanquished.

Vanquished Creatures (others)
  8 plants (D:3)
8 creatures vanquished.

Grand Total: 164 creatures vanquished

Notes
Turn   | Place    | Note
-------+----------+-------------------------------------------
     0 | Abyss:1  | jjjjhere the Troll Abyssal Knight began the quest for the
                  | Orb.
     0 | Abyss:1  | Reached XP level 1. HP: 22/22 MP: 1/1
    41 | D:1      | Escaped the Abyss
   112 | D:1      | Reached XP level 2. HP: 29/29 MP: 2/2
   250 | D:1      | Found Hussycwarhi's Jewellery Boutique.
   276 | D:1      | Found Ysutha's Weapon Shop.
   285 | D:1      | Reached ** piety under Lugonu
   286 | D:1      | Reached skill level 3 in Unarmed Combat
   400 | D:1      | Reached XP level 3. HP: 36/36 MP: 3/3
   403 | D:1      | Found Fyoho's Book Shoppe.
  1120 | D:2      | Found a faded altar of an unknown god.
  1260 | D:2      | Reached XP level 4. HP: 44/44 MP: 4/4
  1574 | D:2      | Noticed a phantom
  1590 | D:2      | Killed a phantom
  1591 | D:2      | Reached skill level 4 in Unarmed Combat
  1591 | D:2      | Reached XP level 5. HP: 47/50 MP: 4/6
  2078 | D:3      | Found a white marble altar of Elyvilon.
  2208 | D:3      | Reached *** piety under Lugonu
  2209 | D:3      | Reached skill level 5 in Unarmed Combat
  2520 | D:3      | Noticed Sigmund
  2525 | D:3      | Killed Sigmund
  2526 | D:3      | Reached XP level 6. HP: 59/59 MP: 6/8
  2691 | D:3      | Found a basalt altar of Yredelemnul.
  3210 | D:4      | Found an ornate altar of the Wu Jian Council.
  3499 | D:4      | Found a bloodstained altar of Trog.
  3943 | D:5      | Entered Level 5 of the Dungeon
  3953 | D:4      | Reached skill level 6 in Unarmed Combat
  3953 | D:4      | Reached XP level 7. HP: 59/66 MP: 9/9
  4060 | D:5      | Identified the +0 buckler "Piontuarr" {Harm +Inv Str+2
                  | Slay+3}
  4161 | D:5      | Reached skill level 5 in Invocations
  4184 | D:5      | Reached skill level 7 in Unarmed Combat
  4337 | D:5      | Reached **** piety under Lugonu
  4338 | D:5      | Reached XP level 8. HP: 55/74 MP: 11/11
  4632 | D:6      | Found a sacrificial altar of Ru.
  4875 | D:6      | Reached skill level 8 in Unarmed Combat
  4886 | D:6      | Found a staircase to the Ecumenical Temple.
  4950 | D:6      | Found a glowing drain.
  4963 | Sewer    | Entered a sewer
  4986 | Sewer    | Noticed Purgy
  4998 | Sewer    | Killed Purgy
  5255 | D:6      | Noticed Blork the orc
  5260 | D:6      | Killed Blork the orc
  5494 | D:7      | Noticed a skeletal warrior
  5494 | D:7      | Noticed a skeletal warrior
  5494 | D:7      | Noticed a skeletal warrior
  5677 | D:6      | HP: 24/74 [skeletal warrior (25)]
  5722 | D:6      | Slain by a skeletal warrior

Illustrated notes

Levels and vault maps discovered:
D:1:      lightli_molten_gateway, layout_basic, serial_glass, glass_columns_b,
          glass_columns_b, glass_columns_b, glass_columns_a, glass_columns_c,
          glass_columns_a, glass_columns_c, glass_columns_b, serial_shops,
          shop_statue, shop_statue, shop
D:2:      layout_basic, shapermc_ecumenical_altar_notcrosses,
          kennysheep_generic_room_10
D:3:      layout_loops_corners, mainiacjoe_overflow_alcove_4,
          nicolae_elyvilon_temple_path, minivault_23, hex_large,
          minmay_hedge_maze, uniq_sigmund
D:4:      layout_cave_pods, lemuel_round_altar, kennysheep_little_box,
          grunt_ministairs_8
D:5:      layout_cave_pools, chequers_serial_rivers_small_b, kennysheep_path_1,
          kennysheep_generic_room_5
D:6:      layout_basic, old_standard_altar,
          minmay_temple_entry_statues_fountains, portal_sewer_entry_a,
          minmay_ogre_servants, uniq_blork_the_orc
D:7:      layout_basic, palyth_temple_overflow_mages, enter_ossuary_5,
          chequers_serial_rivers_small_3, serial_bayou_pond_c

Skill      XL: |  1  2  3  4  5  6  7  8 |
---------------+-------------------------+-----
Invocations    | 2 3 4 5 7 |  7.4
Unarmed Combat | 3 4 5 6 7 8 |  8.9
Fighting       | |  2.4
Dodging        | |  1.9

Action                   |  1- 3 |  4- 6 |  7- 9 || total
-------------------------+-------+-------+-------++-------
Melee: Unarmed           |   111 |   200 |   143 ||   454
       Punch             |       |     6 |     7 ||    13
 Fire: Hunting sling     |    13 |    19 |    47 ||    79
Throw: Dart              |       |       |     1 ||     1
  Use: Scroll            |       |     9 |     4 ||    13
 Stab: Sleeping          |       |     1 |       ||     1
Armor: Robe              |    52 |    55 |    45 ||   152
Dodge: Dodged            |    69 |    95 |    52 ||   216
